[Event "Live Chess"]
[Site "Chess.com"]
[Date "2024.06.01"]
[Round "-"]
[White "Dhaydon19"]
[Black "KwikPhoenix"]
[Result "1-0"]
[WhiteElo "2689"]
[BlackElo "2458"]
[TimeControl "300"]
[EndTime "10:42:40 PDT"]
[Termination "Dhaydon19 won on time"]

1. d4 f5 2. Nf3 Nf6 3. c4 e6 4. g3 Be7 5. Bg2 O-O 6. O-O d6 7. Nc3 Ne4 8. Qc2 Nxc3 9. Qxc3 a5 10. b3 Bf6 11. Bb2 Nc6 12. Qd2 e5 13. dxe5 dxe5 14. Qe3 Qe8 15. Rad1 a4 16. Rd2 f4 17. Qe4 Qh5 18. h4 Bf5 19. Qd5+ Kh8 20. Qb5 e4 21.
Bxf6 exf3 22. Bxf3 Qg6 23. Bg5 fxg3 24. fxg3 h6 25. Bf4 Bh3 26. h5 Qe6 27. Rf2 axb3 28. Qxb3 Na5 29. Qc3 Nxc4 30. Bd5 Qg4 31. Bxc4 Ra4 32.
e4 Kh7 33. e5 Qxh5 34. Qc2+ Bf5 35. Qxa4 Be4 36. Rg2 Qf3 37. Rdf2 Qc3 38. Bf1 Rxf4 39. gxf4 Bxg2 40. Bxg2 Qd4 41. Qxd4 1-0

[Event "Live Chess"]
[Site "Chess.com"]
[Date "2024.06.01"]
[Round "-"]
[White "koekoekoe"]
[Black "Duke_of_Bebington"]
[Result "1-0"]
[WhiteElo "2105"]
[BlackElo "1630"]
[TimeControl "300"]
[EndTime "10:42:40 PDT"]
[Termination "koekoekoe won by resignation"]

1. d4 d5 2. Bf4 c5 3. e3 cxd4 4. exd4 Nc6 5. c3 Qb6 6. Qb3 Qxb3 7. axb3 Bf5 8. Nd2 e6 9. Ngf3 h6 10. Bb5 Nf6 11. Ne5 Rc8 12. Rxa7 Nd7 13. Rxb7 Ncxe5 14.
Bxe5 Rd8 15. Bc7 1-0

[Event "Live Chess"]
[Site "Chess.com"]
[Date "2024.06.01"]
[Round "-"]
[White "degringolade64"]
[Black "GoldsmanB"]
[Result "1-0"]
[WhiteElo "2049"]
[BlackElo "1038"]
[TimeControl "300"]
[EndTime "10:43:01 PDT"]
[Termination "degringolade64 won by resignation"]

1. e4 e6 2. d4 d5 3. e5 c5 4. c3 Nc6 5. Nf3 Qb6 6. Bd3 cxd4 7. O-O dxc3 8. Nxc3 d4 9. Na4 Qc7 10.
Re1 Nge7 11. Bd2 Nf5 12. Rc1 Qb8 13. Bf4 Be7 14. Bxf5 exf5 15. Nxd4 Nxd4 16. Qxd4 O-O 17. e6 1-0

[Event "Live Chess"]
[Site "Chess.com"]
[Date "2024.06.01"]
[Round "-"]
[White "Velocity"]
[Black "road2gm5000"]
[Result "1/2-1/2"]
[WhiteElo "1702"]
[BlackElo "1081"]
[TimeControl "300"]
[EndTime "10:43:07 PDT"]
[Termination "Game drawn by agreement"]

1. e4 c6 2. d4 d5 3. Nd2 dxe4 4. Nxe4 Nf6 5. Nxf6+ exf6 6. Nf3 Bg4 7. h3 Bxf3 8.
Qxf3 Qd5 9. Qxd5 cxd5 10. Bb5+ Nc6 11. Bf4 Be7 12. O-O O-O 13. c3 Rfe8 14. Bd3 Rad8 15. Rfe1 Bf8 16. Bc7 Rxe1+ 17. Rxe1 Rc8 18. Bf4 g5 19.
Bg3 h5 20. f4 h4 21. Bh2 Kg7 22. Kf2 Bd6 23. Kf3 Kf8 24. Kg4 Re8 25. Rxe8+ Kxe8 26. Kf5 Ke7 27. Bb5 a6 28. Bxc6 bxc6 29. g3 hxg3 30.
Bxg3 gxf4 31. Bxf4 Bxf4 32. Kxf4 Ke6 33. h4 f5 34. h5 Kf6 35. h6 Kg6 36. h7 Kxh7 37.
Kxf5 Kg7 38. Ke5 Kg6 39. Kd6 Kg5 40. Kxc6 f5 41. Kxd5 f4 42. Ke4 Kg4 43. d5 Kg3 44. d6 f3 45. Ke3 Kg2 46. d7 f2 47. d8=Q f1=Q 48. Qg5+ Kh3 49. Qh5+ Kg3 50. Qe5+ Kh3 51.
Qh5+ Kg3 52. Qg5+ Kh3 53. Qf5+ Qxf5 1/2-1/2

[Event "Live Chess"]
[Site "Chess.com"]
[Date "2024.06.01"]
[Round "-"]
[White "WeakOldFinished"]
[Black "SergiiA"]
[Result "1-0"]
[WhiteElo "1613"]
[BlackElo "1536"]
[TimeControl "300"]
[EndTime "10:43:07 PDT"]
[Termination "WeakOldFinished won by resignation"]

1. d4 d5 2. e4 c5 3. dxc5 Qa5+ 4. Nc3 dxe4 5. Be3 Nf6 6. Bc4 e6 7. Ne2 Bxc5 8. Bb5+ Bd7 9. Bxc5 Bxb5 10. Qd6 Qd8 11. Nxb5 Qxd6 12. Nxd6+ Kd7 13. O-O-O Kc6 14. Ba3 Na6 15.
Nxf7 Rhe8 16. Ne5+ Kc7 17. g4 Nd5 18. c4 Nb6 19. b3 Rad8 20. Rxd8 Rxd8 21. Rd1 Rxd1+ 22. Kxd1 Nd7 23. Nxd7 Kxd7 24. Ng3 Nc7 25. Nxe4 b5 26. Kd2 bxc4 27. bxc4 e5 28. Ke3 Kc6 29. f4 exf4+ 30.
Kxf4 Ne6+ 31. Ke5 Nc7 32. Ng5 h6 33. Ne6 Nxe6 34. Kxe6 g5 35. Kf5 Kb6 36. Kg6 Ka5 37. Kxh6 Ka4 38. c5 Kxa3 39. c6 a5 40. c7 Kxa2 41.
c8=Q a4 42. Kxg5 a3 43. Qc2+ Ka1 44. Qc1+ Ka2 45. h4 Kb3 46. h5 a2 47. h6 1-0

[Event "Live Chess"]
[Site "Chess.com"]
[Date "2024.06.01"]
[Round "-"]
[White "Nazar-Makarchuk"]
[Black "Sokolik_UA"]
[Result "1-0"]
[WhiteElo "1589"]
[BlackElo "797"]
[TimeControl "300"]
[EndTime "10:43:24 PDT"]
[Termination "Nazar-Makarchuk won by checkmate"]

1. e4 e6 2. d4 d5 3. exd5 Qxd5 4.
Nc3 Qd8 5. Nf3 Nf6 6. Bg5 c6 7. Ne4 Be7 8. Nxf6+ Bxf6 9. Bxf6 Qxf6 10. c3 Bd7 11. Be2 c5 12. dxc5 Bc6 13. O-O O-O 14.
Qd4 Bd5 15. Qxf6 gxf6 16. b3 Nc6 17. c4 Be4 18. Rfe1 f5 19. Nd2 Nd4 20. Nxe4 Nc2 21. Rac1 Nxe1 22. Nf6+ Kg7 23. Nh5+ Kh6 24. Rxe1 Rg8 25. Nf6 Rg6 26. Nh5 Rag8 27. g3 e5 28. f4 exf4 29. Nxf4 Rc6 30. Nd3 Rf6 31. Rf1 Kg6 32.
Nf4+ Kg5 33. Nd5 Rc6 34. Ne7 Rgc8 35. Nxc6 Rxc6 36. Bd3 Rxc5 37. Rxf5+ Rxf5 38. Bxf5 Kxf5 39. Kf2 Ke5 40. Ke3 Kd6 41. Ke4 a6 42. Kf5 Ke7 43.
b4 Kd6 44. a4 b6 45. Kf6 b5 46. cxb5 axb5 47. axb5 Kc7 48. Kxf7 Kb6 49. Kg7 Kxb5 50. Kxh7 Kxb4 51. g4 Kc5 52. g5 Kd6 53. g6 Ke7 54. g7 Kf7 55. g8=Q+ Kf6 56. Qe8 Kg5 57. Qf8 Kg4 58.
Kg8 Kh3 59. Qg7 Kh4 60. Kf7 Kh3 61. Kf6 Kh4 62. Kf5 Kh5 63. Qg5# 1-0

[Event "Live Chess"]
[Site "Chess.com"]
[Date "2024.06.01"]
[Round "-"]
[White "Ferrarifan27"]
[Black "CheckThis4"]
[Result "1/2-1/2"]
[WhiteElo "2099"]
[BlackElo "2686"]
[TimeControl "300"]
[EndTime "10:43:30 PDT"]
[Termination "Game drawn by repetition"]

1. e4 c5 2. Nf3 d6 3. d4 cxd4 4.
Nxd4 Nf6 5. Nc3 a6 6. Bg5 e5 7.
Nb3 Be7 8. Be2 O-O 9. O-O Nc6 10. Qd2 Be6 11. Rad1 Rc8 12. Bxf6 Bxf6 13. Qxd6 Qxd6 14. Rxd6 Nd4 15. Nxd4 exd4 16. Nd5 Bxd5 17. Rxd5 Rxc2 18. Bf3 Rxb2 19. e5 Bd8 20. Rxd4 Rxa2 21. Bxb7 a5 22.
Rfd1 Bb6 23. R4d2 Rxd2 24. Rxd2 g5 25. Bd5 Re8 26. Re2 Kg7 27. e6 fxe6 28. Rxe6 Rxe6 29. Bxe6 Kf6 30. Ba2 Ke5 31. Kf1 Kd4 32. Ke2 Kc3 33. g3 a4 34. h4 g4 35. f3 h5 36. fxg4 hxg4 37. h5 Kd4 38. h6 Bc7 39. h7 Be5 40. Kd2 Ke4 41. Ke2 a3 42. Bg8 Kf5 43. Ke3 Bh8 44. Ba2 Be5 45. Bg8 Bh8 46. Ba2 Be5 47. Bg8 1/2-1/2

[Event "Live Chess"]
[Site "Chess.com"]
[Date "2024.06.01"]
[Round "-"]
[White "Brooms1989"]
[Black "matt1979"]
[Result "0-1"]
[WhiteElo "1058"]
[BlackElo "1363"]
[TimeControl "300"]
[EndTime "10:43:43 PDT"]
[Termination "matt1979 won by resignation"]

1. e4 d6 2. d4 Nf6 3. Nc3 Nbd7 4. Nf3 e5 5. dxe5 dxe5 6. Bg5 Bb4 7. Bd3 h6 8. Bh4 O-O 9. O-O Bxc3 10. bxc3 c6 11. Bg3 Re8 12. Nh4 Nc5 13. Qf3 Bg4 14. Qe3 Qe7 15. Nf5 Bxf5 16. exf5 Nh5 17. Rae1 Nxg3 18. fxg3 Rad8 19. f6 Qd6 20. fxg7 Kxg7 21. Qf3 Qd5 22. Qf6+ Kg8 23. Qxh6 Nxd3 24. cxd3 Qxd3 25. Qg5+ Qg6 26. Qxg6+ fxg6 27. Rf6 Kg7 28. Ref1 Rf8 29. Rxf8 Rxf8 30.
Rxf8 Kxf8 31. Kf2 Ke7 32. Ke3 Ke6 33. Ke4 b5 34. g4 a5 35. h4 c5 36. h5 b4 37. cxb4 cxb4 38. h6 Kf6 39. h7 Kg7 40. h8=Q+ Kxh8 41. Kxe5 a4 42. Kd4 b3 43. Kc3 bxa2 44. Kb2 a1=Q+ 45. Kxa1 Kg7 46. Ka2 Kf6 47. Ka3 Kg5 48. Kxa4 Kxg4 49. Kb4 Kg3 50. Kc3 Kxg2 51. Kd2 g5 52. Ke2 g4 53. Ke1 g3 54. Ke2 Kh1 0-1

[Event "Live Chess"]
[Site "Chess.com"]
[Date "2024.06.01"]
[Round "-"]
[White "nigelst"]
[Black "DarranAS"]
[Result "1-0"]
[WhiteElo "1711"]
[BlackElo "1454"]
[TimeControl "300"]
[EndTime "10:43:45 PDT"]
[Termination "nigelst won by resignation"]

1. e4 e5 2. Nf3 Nc6 3. Bb5 a6 4. Bxc6 dxc6 5. O-O f6 6. d4 exd4 7. Nxd4 Ne7 8. Nc3 Ng6 9. Be3 Bd6 10. Qe2 O-O 11. Rad1 Qe7 12. f3 c5 13. Nd5 Qf7 14. Nb3 b6 15. c4 Re8 16. Qd2 Ne5 17. Nxb6 Nxc4 18. Nxc4 Qxc4 19. Rc1 Qb5 20. Nxc5 Rd8 21. Qc2 a5 22. a4 Qe8 23. Rfd1 Qh5 24. f4 Bg4 25. Rd5 Qf7 26. h3 Bxc5 27. Rxd8+ Rxd8 28. Qxc5 Be6 29. Qxc7 Rd3 30. Qb8+ Qf8 31. Qxf8+ Kxf8 32. Bb6 Rb3 33. Bxa5 Rxb2 34. Bc3 Rb3 35. a5 Ke7 36. a6 Bc8 37. a7 Bb7 38. Bd4 Kd7 39. Ra1 Bxe4 40.
a8=Q Rb1+ 41. Rxb1 Bxb1 42. Qb7+ 1-0

[Event "Live Chess"]
[Site "Chess.com"]
[Date "2024.06.01"]
[Round "-"]
[White "FlyingChessKestrel13"]
[Black "kylet1990"]
[Result "1-0"]
[WhiteElo "2109"]
[BlackElo "724"]
[TimeControl "300"]
[EndTime "10:43:52 PDT"]
[Termination "FlyingChessKestrel13 won by resignation"]

1. e4 e5 2. Nf3 Nc6 3. Bb5 Nd4 4. Nxd4 exd4 5. Bc4 Bc5 6. O-O Ne7 7. d3 O-O 8. c3 b6 9. b4 Bd6 10. f4 Nc6 11. Bd5 Bb7 12. b5 Na5 13. Bxb7 Nxb7 14. cxd4 Qh4 15. Qf3 Rfe8 16. e5 Bb4 17. Qxb7 Rab8 18.
Qf3 Re6 19. d5 Rh6 20. h3 Bc5+ 21. Be3 Bxe3+ 22. Qxe3 Re8 23. Nd2 f6 24. Nf3 Qh5 25. Rae1 g6 26. Qf2 fxe5 27. Rxe5 Rxe5 28. fxe5 Qf5 29. Qe3 Qf8 30. Nd4 Qg7 31. e6 dxe6 32. dxe6 Rxh3 1-0

[Event "Live Chess"]
[Site "Chess.com"]
[Date "2024.06.01"]
[Round "-"]
[White "viktorskliarov"]
[Black "Duke_of_Bebington"]
[Result "1-0"]
[WhiteElo "2643"]
[BlackElo "1630"]
[TimeControl "300"]
[EndTime "10:44:12 PDT"]
[Termination "viktorskliarov won by resignation"]

1. e4 e5 2. Nc3 Nc6 3. Bc4 Nf6 4. d3 Bc5 5. h3 O-O 6. a3 h6 7. Nge2 d6 8. Ng3 Be6 9. Nd5 Ne7 10. Nxf6+ gxf6 11. Bxh6 Bxc4 12. Bxf8 1-0

[Event "Live Chess"]
[Site "Chess.com"]
[Date "2024.06.01"]
[Round "-"]
[White "febray_27"]
[Black "WilliamofOrange16th"]
[Result "1-0"]
[WhiteElo "2021"]
[BlackElo "1944"]
[TimeControl "300"]
[EndTime "10:44:16 PDT"]
[Termination "febray_27 won by resignation"]

1. Nf3 g6 2. d4 Bg7 3. g3 d6 4. Bg2 Nf6 5. O-O Nbd7 6. c4 e5 7. dxe5 Nxe5 8. Nc3 Nxf3+ 9. exf3 O-O 10. Bf4 Be6 11. Qd3 Nh5 12. Be3 Qf6 13. Rac1 Rfd8 14. b3 c6 15. Ne4 Qe7 16. Bg5 f6 17. Be3 d5 18. cxd5 Bxd5 19. g4 f5 20. gxh5 fxe4 21. fxe4 Be6 22. Qe2 g5 23. Rfd1 h6 24. Rxd8+ Rxd8 25. Rd1 Be5 26. Rxd8+ Qxd8 27. Qd2 Qxd2 28. Bxd2 Bg4 29.
Be3 b6 30. f3 Bxh5 31. h3 Bf7 32. Kf2 Kg7 33. Bf1 Kf6 34. Ke2 Be6 35. Kd3 c5 36.
Bf2 Ke7 37. h4 Bf4 38. hxg5 Bxg5 39. Bg3 h5 40. f4 h4 41. fxg5 hxg3 42. Ke3 Bg4 43.
Kf4 Bd1 44. Kxg3 Kf7 45. Kf4 Kg6 46. Bd3 Bg4 47. e5+ Kg7 48. Kxg4 1-0

[Event "Live Chess"]
[Site "Chess.com"]
[Date "2024.06.01"]
[Round "-"]
[White "f4nomore"]
[Black "CennyddB"]
[Result "1/2-1/2"]
[WhiteElo "1202"]
[BlackElo "1136"]
[TimeControl "300"]
[EndTime "10:44:24 PDT"]
[Termination "Game drawn - timeout vs insufficient material"]

1. d4 d5 2. Nc3 Nf6 3. Bg5 Ne4 4. Nxe4 dxe4 5. e3 h6 6. Bh4 Nd7 7. Bc4 Nf6 8. Bxf6 exf6 9. f3 f5 10. fxe4 fxe4 11. Ne2 Bg4 12. O-O f5 13. Qe1 Bxe2 14. Qxe2 Qd7 15. Qh5+ Kd8 16. Rxf5 Bd6 17. Rf7 Qe8 18.
Qh4+ Be7 19. Qxe4 c6 20. Raf1 Rf8 21. Rxf8 Bxf8 22. Qf3 Be7 23. d5 Bc5 24. dxc6 Bxe3+ 25. Kh1 bxc6 26. Rd1+ Kc7 27. Qg3+ Kb6 28. h3 g5 29. Re1 Rd8 30. Qxe3+ Qxe3 31. Rxe3 Rd1+ 32. Kh2 Rd2 33. Rb3+ Kc5 34. Bd3 Rd1 35. Ra3 Rb1 36. Rxa7 Rxb2 37. Rh7 Rxa2 38. Rxh6 Ra4 39. Rg6 Rh4 40.
Rxg5+ Kd4 41. Rg4+ Kc3 42. Rxh4 Kd2 43. Rc4 Ke3 44. Rxc6 Kd2 45. h4 Ke3 46. h5 Kf4 47. h6 Kg4 48. h7 Kf4 49. h8=Q Ke3 50. Qc3 Kf2 1/2-1/2

[Event "Live Chess"]
[Site "Chess.com"]
[Date "2024.06.01"]
[Round "-"]
[White "Mangoalo"]
[Black "GoldsmanB"]
[Result "0-1"]
[WhiteElo "1003"]
[BlackElo "1045"]
[TimeControl "300"]
[EndTime "10:44:42 PDT"]
[Termination "GoldsmanB won by resignation"]

1. Nf3 d5 2. d4 Nf6 3. Bf4 e6 4. Nc3 Bd6 5. Bg3 O-O 6. e3 c5 7. dxc5 Bxc5 8. Bb5 Nc6 9. Bxc6 bxc6 10.
O-O Ba6 11. Re1 Rb8 12. b3 Bb4 13. Qd2 Qa5 14. Be5 Ng4 15. h3 Nxe5 16. Nxe5 Bxc3 0-1

[Event "Live Chess"]
[Site "Chess.com"]
[Date "2024.06.01"]
[Round "-"]
[White "CarmelJane"]
[Black "Larchikov"]
[Result "0-1"]
[WhiteElo "2093"]
[BlackElo "2043"]
[TimeControl "300"]
[EndTime "10:44:50 PDT"]
[Termination "Larchikov won by resignation"]

1. e4 c6 2. d4 d5 3. e5 Bf5 4.
Nf3 e6 5. Be2 Be7 6. O-O Nd7 7.
Be3 Nh6 8. Nbd2 Ng4 9. c4 Nxe3 10. fxe3 dxc4 11. Bxc4 Nb6 12. Bb3 c5 13. e4 Bg6 14.
Ba4+ Nxa4 15. Qxa4+ Qd7 16. Qxd7+ Kxd7 17. d5 Bd8 18. Nc4 Bxe4 19. dxe6+ fxe6 20. Rad1+ Bd5 21. Ne3 Kc6 22. Nxd5 exd5 23. e6 Bc7 24. Ng5 Rhe8 25. Nxh7 Rxe6 26. Ng5 Rg6 27. Nf7 Re8 28. g3 Rf6 29.
Rxf6+ gxf6 30. Nh6 Be5 31. b3 Bd4+ 32. Kf1 Be5 33.
Nf5 c4 34. bxc4 dxc4 35. Kf2 b5 36. h4 Kc5 37. h5 c3 38. h6 Kb4 39. h7 c2 40. Rc1 Kc3 41. Ne3 Bd4 42. Rxc2+ Kd3 43.
Re2 Rh8 44. Kf3 Rxh7 45. Nf5 Be5 46. Re4 Rc7 47. Rb4 a6 48. Rb3+ Rc3 49. Rb1 Kc2+ 50. Ne3+ 0-1

[Event "Live Chess"]
[Site "Chess.com"]
[Date "2024.06.01"]
[Round "-"]
[White "DoctorMantisTobogganMD"]
[Black "ChessRobinThePro"]
[Result "1/2-1/2"]
[WhiteElo "2183"]
[BlackElo "1959"]
[TimeControl "300"]
[EndTime "10:44:56 PDT"]
[Termination "Game drawn by repetition"]

1. e4 Nc6 2. Nc3 e5 3. Bc4 Nf6 4. d3 Bc5 5. f4 d6 6. Nf3 a6 7. f5 Nd4 8. Nxd4 Bxd4 9. Bg5 c6 10.
Qc1 b5 11. Bb3 Qb6 12. Nd1 Ng4 13. h3 Nf2 14. Nxf2 Bxf2+ 15. Ke2 f6 16. Be3 Bxe3 17.
Qxe3 Qxe3+ 18. Kxe3 Ke7 19. a4 Bd7 20. g4 h5 21. axb5 axb5 22. Rxa8 Rxa8 23. Rg1 h4 24. g5 Rd8 25. gxf6+ gxf6 26. Rg7+ Ke8 27. Rh7 Bc8 28. Rxh4 d5 29. Rh8+ Ke7 30. Rxd8 Kxd8 31. h4 d4+ 32. Kf3 Ke7 33. Kg4 Kf8 34. h5 Kg7 35. Kh4 Kh6 36.
Bf7 Bd7 37. Bg6 c5 38. Kg3 Kg5 39. Kf2 Bc6 40. Ke2 c4 41. Kd2 Bd7 42. c3 cxd3 43. Kxd3 dxc3 44. bxc3 Bc6 45. Ke3 Bd7 46. Bf7 Bc6 47.
Bd5 Bd7 48. Bf7 Bc6 49. Kf3 Bd7 50. Be6 Bc6 51. Bd5 Bd7 52. c4 bxc4 53. Bxc4 Kxh5 54. Bd5 Kg5 55. Kg3 Ba4 56. Bb7 Bc2 57. Bd5 Bd3 58. Bc6 Bc2 59. Bb7 Bd3 60. Bd5 Kh5 61. Bc6 Kg5 62. Bd5 Bc2 63. Bc6 Bd3 64.
Bd5 1/2-1/2

[Event "Live Chess"]
[Site "Chess.com"]
[Date "2024.06.01"]
[Round "-"]
[White "karina55"]
[Black "blunderabit"]
[Result "1-0"]
[WhiteElo "1853"]
[BlackElo "1802"]
[TimeControl "300"]
[EndTime "10:44:58 PDT"]
[Termination "karina55 won on time"]

1. e4 c5 2. Nc3 Nc6 3. g3 g6 4.
Bg2 Bg7 5. d3 d6 6. Nge2 e6 7.
O-O Nge7 8. Be3 b6 9. Qd2 h5 10. h4 Bb7 11. Nf4 Qd7 12. Nh3 d5 13. exd5 exd5 14.
Bf4 O-O 15. Rfe1 Nd4 16. Be5 Bxe5 17. Rxe5 Qxh3 18. Bxh3 Nf3+ 19. Kh1 Nxd2 20. Rxe7 Rab8 21. Bg2 d4 22. Nd5 Bxd5 23. Bxd5 Rbd8 24. Bg2 c4 25. Re2 c3 26. bxc3 dxc3 27. Rae1 Rd4 28. Re7 a5 29.
Rc7 Rb4 30. Rxc3 Nb1 31. Rb3 Rxb3 32. axb3 Na3 33. Re2 Rd8 34. Rd2 Kg7 35. Kg1 Rd6 36. Kf1 b5 37. Ke2 Nb1 38. Kd1 Nxd2 39. Kxd2 a4 40.
Kc1 a3 41. b4 Rd4 42. Kb1 Rxb4+ 43. Ka2 Rb2+ 44. Kxa3 Rxc2 45. Bd5 Rxf2 46. Kb4 1-0

[Event "Live Chess"]
[Site "Chess.com"]
[Date "2024.06.01"]
[Round "-"]
[White "ggosyaa"]
[Black "Dhaydon19"]
[Result "0-1"]
[WhiteElo "588"]
[BlackElo "2689"]
[TimeControl "300"]
[EndTime "10:45:07 PDT"]
[Termination "Dhaydon19 won by checkmate"]

1. d4 c6 2. c4 d5 3. Nc3 Nf6 4. Bf4 e6 5. e3 Bd6 6. Bg3 Qe7 7.
Nf3 Nbd7 8. Bd3 O-O 9. c5 Bxg3 10.
hxg3 e5 11. Qe2 e4 12. Nxd5 cxd5 13. Ne5 Nxe5 14. dxe5 Qxe5 15. f4 Qc7 16. O-O-O exd3 17. Qxd3 Qxc5+ 18. Kb1 g6 19. f5 Bxf5 20. e4 Bxe4 21. Qc2 Qxc2+ 22. Ka1 Rac8 23. Rc1 Qxc1+ 24. Rxc1 Rxc1# 0-1

[Event "Live Chess"]
[Site "Chess.com"]
[Date "2024.06.01"]
[Round "-"]
[White "Yarigo"]
[Black "vincents82"]
[Result "0-1"]
[WhiteElo "2383"]
[BlackElo "2155"]
[TimeControl "300"]
[EndTime "10:45:14 PDT"]
[Termination "vincents82 won on time"]

1. d4 d5 2. Nf3 Nf6 3. Bf4 c6 4. e3 Bf5 5. Bd3 Bxd3 6. Qxd3 e6 7. O-O Nbd7 8. c4 Be7 9. Nc3 O-O 10. e4 dxe4 11.
Nxe4 Nxe4 12. Qxe4 Nf6 13. Qe2 Bd6 14. Be5 Qc7 15.
Rad1 Nd7 16. Bxd6 Qxd6 17. Rd3 Rfe8 18. Rfd1 Qc7 19. h4 e5 20. dxe5 Nxe5 21. Nxe5 Rxe5 22. Qxe5 Qxe5 23. Rd8+ Qe8 24. Rxe8+ Rxe8 25. Rd7 Rb8 26.
f4 g6 27. g4 Kf8 28. Kf2 b5 29. c5 b4 30. Ke3 a5 31. Kd3 Ke8 32. Rc7 Rd8+ 33.
Kc4 Rd2 34. Rxc6 Rxb2 35. Rb6 Rxa2 36. c6 Rc2+ 37. Kd5 Kd8 38. Rb8+ Kc7 39. Rb7+ Kc8 40.
f5 Rc3 41. Rxf7 b3 42. Rb7 gxf5 43. gxf5 a4 44. f6 Rf3 45. f7 a3 46. Rxb3 Rxf7 47. Rxa3 Rf4 48. Ra8+ Kc7 49. Ra7+ Kc8 0-1

[Event "Live Chess"]
[Site "Chess.com"]
[Date "2024.06.01"]
[Round "-"]
[White "RuslanChessN"]
[Black "SirGerhard"]
[Result "0-1"]
[WhiteElo "1944"]
[BlackElo "2771"]
[TimeControl "300"]
[EndTime "10:45:18 PDT"]
[Termination "SirGerhard won by resignation"]

1. d4 Nf6 2. c4 e6 3. Nc3 Bb4 4. Qc2 O-O 5. e4 c5 6. a3 Ba5 7. b4 cxb4 8. axb4 Bxb4 9. Bd3 Nc6 10. Nf3 d6 11. e5 dxe5 12. dxe5 Nxe5 13. Nxe5 Qd4 14.
Bb2 Qxe5+ 15. Be2 Qf5 16. Bd3 Qe5+ 17. Be2 Ne4 0-1

[Event "Live Chess"]
[Site "Chess.com"]
[Date "2024.06.01"]
[Round "-"]
[White "matt1979"]
[Black "viktorskliarov"]
[Result "0-1"]
[WhiteElo "1363"]
[BlackElo "2643"]
[TimeControl "300"]
[EndTime "10:45:18 PDT"]
[Termination "viktorskliarov won by resignation"]

1. f4 g6 2. Nf3 Bg7 3. e3 d6 4. Nc3 Nd7 5. e4 c5 6. d3 Rb8 7. Be2 b5 8. O-O e6 9. Bd2 b4 10. Nb1 Bxb2 11. c3 Bxa1 0-1

[Event "Live Chess"]
[Site "Chess.com"]
[Date "2024.06.01"]
[Round "-"]
[White "Mikhail_Golubev"]
[Black "viktor_forever1994"]
[Result "1-0"]
[WhiteElo "2604"]
[BlackElo "1392"]
[TimeControl "300"]
[EndTime "10:45:21 PDT"]
[Termination "Mikhail_Golubev won by checkmate"]

1. e4 e5 2. Nf3 Nc6 3. Bc4 Bc5 4. c3 h6 5. d4 exd4 6. cxd4 Bb4+ 7. Nc3 d6 8. O-O Bg4 9. d5 Ne5 10. Qa4+ Kf8 11.
Qxb4 Bxf3 12. gxf3 Qg5+ 13. Bxg5 Nxf3+ 14. Kg2 Nxg5 15. Qxb7 Re8 16. Qxc7 Ne7 17. Qxd6 Nh7 18. e5 Kg8 19.
Qd7 Kf8 20. d6 Nc8 21. Qxf7# 1-0

[Event "Live Chess"]
[Site "Chess.com"]
[Date "2024.06.01"]
[Round "-"]
[White "Bob2pen"]
[Black "KeithArkell"]
[Result "0-1"]
[WhiteElo "1857"]
[BlackElo "2515"]
[TimeControl "300"]
[EndTime "10:45:36 PDT"]
[Termination "KeithArkell won by resignation"]

1. c4 c5 2. g3 Nc6 3. Bg2 g6 4. Nf3 Bg7 5. O-O Nf6 6. Nc3 O-O 7. e3 d6 8. d4 Bg4 9. d5 Ne5 10. Qe2 a6 11. h3 Nxf3+ 12. Bxf3 Bxh3 13. Rd1 Qd7 14. a3 Bg4 15. Rb1 Bxf3 16. Qxf3 Qf5 17. Qxf5 gxf5 18.
Ne2 b5 19. b3 Rab8 20. Bd2 Ne4 21. Be1 Rb7 22. f3 Ng5 23. Kg2 bxc4 24. bxc4 Rfb8 25. Rxb7 Rxb7 26. Nc3 Rb2+ 0-1

[Event "Live Chess"]
[Site "Chess.com"]
[Date "2024.06.01"]
[Round "-"]
[White "Grace6363"]
[Black "Colm_Buckley"]
[Result "0-1"]
[WhiteElo "1143"]
[BlackElo "1792"]
[TimeControl "300"]
[EndTime "10:45:38 PDT"]
[Termination "Colm_Buckley won by resignation"]

1. d4 e6 2. c4 d5 3. Nf3 c6 4.
cxd5 exd5 5. a3 Nf6 6. Bg5 Bf5 7.
e3 h6 8. Bh4 Bd6 9. Nc3 O-O 10.
Bd3 Bxd3 11. Qxd3 Nbd7 12. O-O Re8 13. Nd2 Qc7 14. g3 a5 15. Bxf6 Nxf6 16. Qf5 Qe7 17. Nf3 Qe6 18. Qxe6 Rxe6 19. Ne2 Ne4 20. Nf4 Bxf4 21.
exf4 Rae8 22. Rae1 f6 23. h4 Kf7 24. Kg2 Nd6 25. g4 Nc4 26. Rxe6 Rxe6 27. g5 hxg5 28. fxg5 Nxb2 29. gxf6 Kxf6 30. Ng5 Re2 31. Kf3 Rc2 32.
Re1 Nd3 33. Re6+ Kf5 34. Re2 Rxe2 35. Kxe2 Nf4+ 36. Kf3 Ne6 37. Nxe6 Kxe6 38. Kf4 b6 39. h5 c5 40. Ke3 Kf5 41. f4 c4 42.
a4 Kg4 43. f5 Kxf5 44. Kf3 Kg5 45. Kg3 Kxh5 46. Kf4 g5+ 47. Ke5 c3 48. Kxd5 c2 49.
Ke6 c1=Q 50. d5 Qc8+ 51. Kd6 Qd8+ 0-1

[Event "Live Chess"]
[Site "Chess.com"]
[Date "2024.06.01"]
[Round "-"]
[White "Sacbutt"]
[Black "peteopeteo"]
[Result "1-0"]
[WhiteElo "2376"]
[BlackElo "1620"]
[TimeControl "300"]
[EndTime "10:45:46 PDT"]
[Termination "Sacbutt won by resignation"]

1. e4 c6 2. d4 d5 3. Nc3 dxe4 4. Nxe4 Nf6 5. Nxf6+ exf6 6. Nf3 Bg4 7. h3 Bh5 8. Be2 Bd6 9. O-O O-O 10. Be3 Nd7 11.
c4 b6 12. Qa4 Qc7 13. Rac1 c5 14. d5 Ne5 15. Qd1 Rfe8 16. b3 a5 17. Re1 a4 18.
Rb1 axb3 19. Qxb3 Bxf3 20. Bxf3 Nxf3+ 21. gxf3 Rab8 22. a4 Bf4 23. Kg2 Qe5 24. h4 Qf5 25. Bxf4 Qxf4 26. Rxe8+ Rxe8 27. Qxb6 Qxh4 28. Qc7 Qg5+ 29.
Qg3 Qxg3+ 30. Kxg3 Ra8 31. Rb5 h6 32. a5 Rc8 33. a6 Kf8 34. a7 Ra8 35. Rb8+ 1-0

[Event "Live Chess"]
[Site "Chess.com"]
[Date "2024.06.01"]
[Round "-"]
[White "MagnersCarlsberg2870"]
[Black "GEMdzq"]
[Result "1/2-1/2"]
[WhiteElo "1893"]
[BlackElo "2317"]
[TimeControl "300"]
[EndTime "10:45:47 PDT"]
[Termination "Game drawn by repetition"]

1. d4 Nf6 2. Nf3 e6 3. e3 c5 4. c3 Be7 5. Bd3 O-O 6. Nbd2 Nc6 7. Qe2 d6 8. O-O b6 9. e4 cxd4 10. Nxd4 Bb7 11. Nxc6 Bxc6 12. Nf3 Qc7 13. Nd4 Bb7 14. Bg5 h6 15. Bxf6 Bxf6 16. f4 Rac8 17. Rf3 Qc5 18. Rd1 e5 19. fxe5 dxe5 20. Rxf6 gxf6 21. Qg4+ Kh7 22.
Qf5+ Kh8 23. Qh5 Kg7 24. Qg4+ Kh7 25. Qf5+ Kh8 26. Qh5 Kg7 27. Qg4+ Kh7 1/2-1/2

[Event "Live Chess"]
[Site "Chess.com"]
[Date "2024.06.01"]
[Round "-"]
[White "chessfiction"]
[Black "FMOlexandrProhorov"]
[Result "0-1"]
[WhiteElo "2411"]
[BlackElo "2360"]
[TimeControl "300"]
[EndTime "10:45:54 PDT"]
[Termination "FMOlexandrProhorov won by resignation"]

1. e4 c5 2. Nf3 e6 3. c3 Nf6 4. e5 Nd5 5. d4 cxd4 6. cxd4 d6 7. Bd3 Nc6 8. exd6 Qxd6 9. Nc3 Be7 10. Ne4 Qd8 11. Bd2 O-O 12. Qe2 Ndb4 13. Bb1 Nxd4 14. Nxd4 Qxd4 15. Bc3 Qb6 16. Qh5 h6 17. g4 Nd5 18.
Bxg7 Kxg7 19. g5 Rh8 20. gxh6+ Kf8 21. Ng5 Qb4+ 22. Kf1 Qc4+ 23. Kg2 Nf4+ 0-1

[Event "Live Chess"]
[Site "Chess.com"]
[Date "2024.06.01"]
[Round "-"]
[White "Ksenia_2013"]
[Black "seasidecastle27"]
[Result "0-1"]
[WhiteElo "768"]
[BlackElo "1950"]
[TimeControl "300"]
[EndTime "10:46:11 PDT"]
[Termination "seasidecastle27 won by checkmate"]

1. e4 e6 2. e5 d5 3. exd6 cxd6 4. Nf3 Nf6 5. Bc4 d5 6. Bb5+ Nc6 7. O-O Bd6 8. Nc3 O-O 9. Ng5 e5 10. Bd3 e4 11. Ncxe4 dxe4 12. Bxe4 Nxe4 13. Nxe4 Bc7 14. d3 Bf5 15. Ng5 Qd6 16. Qh5 Bg6 17. Qh3 Nd4 18. Qh4 Ne2+ 19. Kh1 Nxc1 20. Raxc1 Rfe8 21. f4 f5 22. Rfe1 Qxf4 23. Rxe8+ Rxe8 24. Re1 Qxh4 25. Rxe8+ Bxe8 26. Ne6 Qxh2# 0-1

[Event "Live Chess"]
[Site "Chess.com"]
[Date "2024.06.01"]
[Round "-"]
[White "Ferrarifan27"]
[Black "Nazar-Makarchuk"]
[Result "1-0"]
[WhiteElo "2101"]
[BlackElo "1561"]
[TimeControl "300"]
[EndTime "10:46:12 PDT"]
[Termination "Ferrarifan27 won by resignation"]

1. e4 d5 2. exd5 Nf6 3. d4 Qxd5 4. Nc3 Qd8 5. Nf3 e6 6. Bg5 Be7 7. Bd3 c5 8. dxc5 Bxc5 9. O-O Be7 10. Qe2 Nc6 11.
Rad1 Qc7 12. Nb5 Qb6 13. Bf4 O-O 14. Nc7 Bd7 15. Nxa8 Rxa8 16. c3 Be8 17. Bb1 Nd5 18. Bg3 Qd8 19. c4 1-0